 Dungeon Crawl Stone Soup version 0.22.0-38-g04b72b8 (webtiles) character file.

194436 poirepourri the Warrior (level 17, -36/177 HPs)
             Began as a Deep Dwarf Fighter on Aug 30, 2018.
             Was the Champion of Makhleb.
             Annihilated by a very large slime creature (54 damage)
             ... on level 2 of the Pits of Slime.
             The game lasted 00:34:09 (22195 turns).

poirepourri the Warrior (Deep Dwarf Fighter)       Turns: 22195, Time: 00:34:10

Health: -36/177    AC: 10    Str: 20    XL:     17   Next: 29%
Magic:  28/28      EV: 18    Int: 11    God:    Makhleb [******]
Gold:   979        SH: 16    Dex: 21    Spells: 16/16 levels left

rFire    . . .     SeeInvis .   a - +9 war axe (vamp)
rCold    + . .     Gourm    .   c - +1 shield
rNeg     + . .     Faith    .   P - +0 acid dragon scales
rPois    +         Spirit   .   j - +0 helmet
rElec    .         Reflect  .   X - +1 cloak
rCorr    +         Harm     .   K - +2 pair of gloves
MR       ++...                  S - +0 pair of boots of Lugonu {rC+ MP+9 Dex+4}
Stlth    +.........             (no amulet)
HPRegen  0.00/turn              I - ring of poison resistance
MPRegen  0.21/turn              G - +6 ring of protection

@: corroded, non-regenerating
A: damage resistance, heal wounds, negative energy resistance 1, sense
surroundings 2, no regeneration
}: 2/15 runes: barnacled, gossamer
a: Heal Wounds, Minor Destruction, Lesser Servant of Makhleb, Major Destruction,
Greater Servant of Makhleb, Renounce Religion


You were on level 2 of the Pits of Slime.
You worshipped Makhleb.
Makhleb was exalted by your worship.
You were not hungry.

You visited 6 branches of the dungeon, and saw 32 of its levels.

You collected 2298 gold pieces.
You spent 1319 gold pieces at shops.

Inventory:

Hand Weapons
 a - a +9 vampiric war axe (weapon)
 b - a +3 flail of protection
Missiles
 m - 11 bolts
 N - 6 poisoned javelins (quivered)
 Q - 3 throwing nets
 R - 16 javelins
 V - 24 tomahawks
Armour
 c - a +1 shield (worn)
 j - a +0 helmet (worn)
 z - a +2 plate armour of poison resistance
 K - a +2 pair of gloves (worn)
 P - +0 acid dragon scales (worn)
 S - the +0 pair of boots of Lugonu (worn) {rC+ MP+9 Dex+4}
   (You acquired it on level 1 of the Shoals)

   It affects your dexterity (+4).
   It protects you from cold.
   It affects your magic capacity (+9).
 X - a +1 cloak (worn)
Jewellery
 e - an uncursed ring of ice
 g - an uncursed ring of fire
 i - an uncursed ring of protection from fire
 v - an uncursed amulet of harm {unknown}
 w - an uncursed amulet of the acrobat
 x - an uncursed amulet of guardian spirit {unknown}
 y - an uncursed amulet of faith {unknown}
 F - a +3 ring of protection
 G - a +6 ring of protection (right hand)
 I - a ring of poison resistance (left hand)
 U - an uncursed ring of ice
Wands
 r - a wand of paralysis (43)
 s - a wand of iceblast (21)
 B - a wand of enslavement (18)
 D - a wand of disintegration (13)
 J - a wand of polymorph (16)
 L - a wand of digging (10)
 O - a wand of flame (20)
Scrolls
 l - 3 scrolls of fear
 n - 10 scrolls of remove curse
 o - 4 scrolls of teleportation
 t - a scroll of blinking
 A - 4 scrolls of identify
 E - 2 scrolls of magic mapping
 H - a scroll of amnesia
 M - 4 scrolls of fog
Potions
 d - 6 potions of mutation
 h - 4 potions of magic
 k - 3 potions of lignification
 p - 2 potions of haste
 q - 3 potions of curing
 u - 3 potions of brilliance
 C - 3 potions of flight
 T - 4 potions of ambrosia
 W - 2 potions of heal wounds
Comestibles
 f - 34 rations


   Skills:
 + Level 17.6 Fighting
 - Level 16.1 Axes
 - Level 8.1 Armour
 - Level 8.2 Dodging
 - Level 15.6 Shields
 - Level 12.0 Invocations


You had 16 spell levels left.
You didn't know any spells.
Your spell library contained the following spells:

 Spells                   Type           Power        Failure   Level  Hunger
 Animate Skeleton         Necr           N/A          41%         1    ##.....
 Apportation              Tloc           #.....       41%         1    ##.....
 Flame Tongue             Conj/Fire      #....        41%         1    ##.....
 Magic Dart               Conj           #...         41%         1    ##.....
 Pain                     Necr           #...         41%         1    ##.....
 Summon Butterflies       Summ           #.......     41%         1    ##.....
 Blink                    Tloc           N/A          54%         2    ###....
 Call Imp                 Summ           #.......     54%         2    ###....
 Slow                     Hex            #.......     54%         2    ###....
 Throw Flame              Conj/Fire      #.....       54%         2    ###....
 Conjure Flame            Conj/Fire      #.......     78%         3    ####...
 Ignite Poison            Fire/Tmut/Pois #.......     78%         3    ####...
 Inner Flame              Hex/Fire       #.......     78%         3    ####...
 Lesser Beckoning         Tloc           #.........   78%         3    ####...
 Mephitic Cloud           Conj/Pois/Air  #.......     78%         3    ####...
 Tukima's Dance           Hex            #.......     78%         3    ####...
 Vampiric Draining        Necr           #.........   78%         3    ####...
 Animate Dead             Necr           N/A          99%         4    #####..
 Leda's Liquefaction      Hex/Erth       #.........   99%         4    #####..
 Sticky Flame             Conj/Fire      #.......     99%         4    #####..
 Alistair's Intoxication  Tmut/Pois      #.......     100%        5    ######.
 Blade Hands              Tmut           #.........   100%        5    ######.
 Bolt of Magma            Conj/Fire/Erth #.........   100%        5    ######.
 Fireball                 Conj/Fire      #.........   100%        5    ######.
 Yara's Violent Unravell  Hex/Tmut       #.........   100%        5    ######.
 Invisibility             Hex            #.......     100%        6    #######
 Iron Shot                Conj/Erth      #.........   100%        6    #######
 Statue Form              Tmut/Erth      #........    100%        6    #######
 Shatter                  Erth           #.........   100%        9    #######
 Regeneration             Chrm/Necr      Unusable     N/A         3    N/A

Dungeon Overview and Level Annotations

Branches:
Dungeon (15/15)            Temple (1/1) D:7            Lair (6/6) D:11
 Shoals (4/4) Lair:3       Spider (4/4) Lair:3        Slime (2/5) Lair:6
    Orc (0/2) D:9          Vaults (0/5) D:13         Depths (0/5) D:15

Altars:
Ashenzari
Cheibriados
Dithmenos
Elyvilon
Fedhas
Gozag
Hepliaklqana
Kikubaaqudgha
Makhleb
Nemelex Xobeh
Okawaru
Qazlal
Ru
Sif Muna
Trog
Uskayaw
Vehumet
Wu Jian
Xom
Yredelemnul
Zin
The Shining One
Jiyva

Shops:
D:7 ?   D:12 [   Shoals:1 (=

Portals:
Trove: D:11 (give +5 demon trident)

Annotations:
D:8 exclusion: ice statue
D:12 exclusion: orange crystal statue
Lair:2 exclusion: downstairs
Spider:1 1 runed door


Innate Abilities, Weirdness & Mutations

You are resistant to damage.
You can heal yourself by infusing magical energy.
You resist negative energy. (rN+)
You passively map the area around you.
You do not regenerate.


Message History

You feel better. The very large slime creature hits you.
The titanic slime creature closely misses you.
The titanic slime creature hits you!!!!
* * * LOW HITPOINT WARNING * * *
You block the very large slime creature's attack.
A slime creature comes into view.
You block the slime creature's attack. The acid blob hits you!
* * * LOW HITPOINT WARNING * * *
You are splashed with acid!
The acid burns!
You resist.
A slime creature comes into view.
The slime creature quivers. x2
You hit the slime creature but do no damage.
The slime creature is severely wounded.
You hit the very large slime creature but do no damage. x2
You hit the titanic slime creature. You slash the titanic slime creature!
You slash the acid blob!
You feel better.
Your hands burn!
You slash the large slime creature!
You feel better.
A large slime creature splits.
The very large slime creature hits you!!!
You die...

, ,, , * * ,
J............. *
,..............,.,,
, .J...........,..,
,, ............
...,
..<>.......#...., *
................ ,
.......JJJ......,
.>.....J@J...... ,
,.......JJJ...... ,
* ,
.....#.J...##.#., ,
,,, .#....#.....#*
** ......#....# ,
,.......#.....# * ,
, ..#.#.......## ,
. ...#.#.#### ,,,
,.. .# ##


You could see an acid blob, 2 titanic slime creatures, 2 very large slime
creatures, a large slime creature and 5 slime creatures.

Vanquished Creatures
  Agnes (Spider:1)
  Frances (Spider:1)
  Roxanne (D:15)
  Ilsuiw (Shoals:2)
  4 ghost moths
  Louise (D:15)
  6 emperor scorpions (Spider:4)
  Azrael (D:14)
  2 spark wasps
  A fire dragon (D:15)
  3 merfolk impalers (Shoals:4)
  A merfolk javelineer (Shoals:2)
  2 ogre magi
  Erolcha (D:9)
  An ice dragon (D:15)
  Fannar (D:12)
  2 hydras
  2 merfolk avatars
  5 centaur warriors
  A catoblepas (Lair:4)
  A satyr (Shoals:4)
  8 two-headed ogres
  3 merfolk aquamancers (Shoals:4)
  2 death yaks
  Sonja (D:12)
  6 sea snakes
  2 unseen horrors
  14 harpies
  An orb spider (shapeshifter) (D:15)
  4 lindwurms (Lair:2)
  14 orb spiders
  7 ugly things
  2 oklob plants (D:11)
  2 cyclopes
  3 deep elf magi
  7 manticores
  7 fauns
  A moth of wrath (Spider:3)
  18 wolf spiders
  15 elephants
  7 merfolk sirens
  3 black mambas
  2 torpor snails
  27 spiny frogs
  3 komodo dragons
  An efreet (D:12)
  A kobold demonologist (D:13)
  3 rime drakes
  11 demonic crawlers
  A freezing wraith (D:15)
  3 meliai (D:14)
  2 trolls (D:11)
  A wind drake (Shoals:2)
  23 merfolk
  2 polar bears (Lair:3)
  25 jumping spiders
  4 tyrant leeches (Lair:6)
  Grinder (D:3)
  5 slime creatures
  11 hippogriffs
  12 hornets
  4 dream sheep (Shoals:2)
  4 snapping turtles
  21 blink frogs
  Sigmund (D:8)
  A shadow (D:15)
  A vampire (D:15)
  2 wraiths
  3 wyverns
  51 redbacks
  35 yaks
  17 tarantellas
  6 water elementals
  3 basilisks
  4 fire elementals (D:14)
  A hungry ghost (D:14)
  A steam dragon (D:13)
  9 vampire mosquitoes
  Edmund (D:6)
  A soldier ant (D:8)
  4 acid dragons
  2 hell hounds (D:14)
  6 water moccasins
  7 porcupines
  7 orc warriors
  5 sky beasts
  A necrophage (D:14)
  2 eyes of draining
  2 ice beasts
  A black bear (shapeshifter) (D:14)
  15 ogres
  18 wolves
  7 centaurs
  11 crocodiles
  4 big kobolds
  29 bullfrogs
  6 scorpions
  5 wights (D:7)
  12 howler monkeys
  4 electric eels
  6 crimson imps
  A bullfrog zombie (D:8)
  6 hounds
  5 jellies
  7 centaur zombies
  6 orc priests
  3 bullfrog skeletons
  2 centaur skeletons (D:6)
  4 iguanas
  15 orc wizards
  10 worker ants
  2 hell rats (Lair:6)
  A killer bee zombie (D:6)
  A hound zombie (D:8)
  3 hound skeletons
  3 howler monkey zombies
  A worker ant zombie (D:5)
  A howler monkey skeleton (D:8)
  3 gnolls (D:4)
  9 adders
  10 river rats (Lair:6)
  2 shadow imps (D:15)
  2 oozes
  An adder skeleton (D:6)
  3 worms
  A dart slug (D:4)
  4 leopard geckos
  58 orcs
  8 giant cockroaches
  9 goblins
  12 hobgoblins
  3 jackals (D:1)
  7 quokkas
  A ball python (D:2)
  6 bats
  8 frilled lizards
  26 kobolds
  12 rats
  10 fungi
  12 plants
902 creatures vanquished.

Vanquished Creatures (collateral kills)
  An emperor scorpion (Spider:4)
  2 entropy weavers
  6 hydras
  2 death yaks (Lair:3)
  An unseen horror (D:12)
  A deep elf mage (D:14)
  2 orb spiders (Spider:4)
  An ugly thing (D:12)
  A wind drake (Shoals:4)
  2 hornets (Spider:4)
  2 jumping spiders
  A merfolk (Shoals:4)
  A snapping turtle (Shoals:4)
  5 redbacks
  A tarantella (shapeshifter) (D:14)
  A tarantella (Spider:4)
  A scorpion (D:12)
31 creatures vanquished.

Vanquished Creatures (others)
  A meliai zombie (D:14)
  A redback (Spider:2)
  17 fungi
  51 plants
70 creatures vanquished.

Grand Total: 1003 creatures vanquished

Notes
Turn   | Place    | Note
-------+----------+-------------------------------------------
     0 | D:1      | poirepourri the Deep Dwarf Fighter began the quest for the Orb.
     0 | D:1      | Reached XP level 1. HP: 20/20 MP: 1/1
     1 | D:1      | Noticed an electric eel
    95 | D:1      | Reached XP level 2. HP: 18/27 MP: 2/2
   437 | D:1      | Reached XP level 3. HP: 31/33 MP: 2/2
   842 | D:2      | Reached XP level 4. HP: 37/40 MP: 3/3
   849 | D:2      | Found a sparkling altar of Nemelex Xobeh.
   937 | D:2      | Reached skill level 5 in Axes
  1345 | D:3      | Noticed a bullfrog
  1354 | D:3      | Reached XP level 5. HP: 40/46 MP: 3/3
  1366 | D:3      | Reached XP level 6. HP: 18/55 MP: 4/4
  1572 | D:3      | Noticed Grinder
  1579 | D:3      | Paralysed by Grinder for 7 turns
  1594 | D:3      | Killed Grinder
  1722 | D:4      | Reached XP level 7. HP: 32/61 MP: 5/5
  1836 | D:4      | Found a white marble altar of Elyvilon.
  2499 | D:5      | Entered Level 5 of the Dungeon
  2564 | D:5      | Reached skill level 10 in Axes
  2702 | D:5      | Noticed Sigmund
  3067 | D:6      | Reached XP level 8. HP: 29/68 MP: 6/6
  3071 | D:6      | Noticed a hippogriff
  3087 | D:6      | Killed a hippogriff
  3137 | D:6      | Noticed Edmund
  3177 | D:6      | Killed Edmund
  3445 | D:6      | Gained mutation: You passively map the area around you. [Deep Dwarf growth]
  3445 | D:6      | Reached XP level 9. HP: 68/74 MP: 6/6
  3872 | D:7      | Found Geas's Magic Scroll Shop.
  3923 | D:7      | Bought a scroll of teleportation for 42 gold pieces
  3923 | D:7      | Bought a scroll of enchant weapon for 105 gold pieces
  4283 | D:7      | Found a staircase to the Ecumenical Temple.
  4293 | D:7      | Reached skill level 3 in Fighting
  4297 | Temple   | Entered the Ecumenical Temple
  4502 | Temple   | Became a worshipper of Makhleb the Destroyer
  4594 | D:7      | Reached skill level 4 in Fighting
  4930 | D:8      | Reached skill level 5 in Fighting
  4980 | D:8      | Reached skill level 6 in Fighting
  4988 | D:8      | Reached * piety under Makhleb
  5063 | D:8      | Reached skill level 7 in Fighting
  5063 | D:8      | Reached XP level 10. HP: 65/94 MP: 5/5
  5140 | D:8      | Noticed an ice statue
  5168 | D:8      | Killed Sigmund
  5788 | D:9      | Reached skill level 8 in Fighting
  6185 | D:9      | Paralysed by a hornet for 2 turns
  6245 | D:9      | Found a staircase to the Orcish Mines.
  6269 | D:9      | Reached ** piety under Makhleb
  6382 | D:9      | Reached skill level 9 in Fighting
  6472 | D:9      | Noticed Erolcha
  6488 | D:9      | Killed Erolcha
  6488 | D:9      | Reached skill level 10 in Fighting
  6552 | D:10     | Entered Level 10 of the Dungeon
  6573 | D:10     | Reached XP level 11. HP: 110/110 MP: 6/6
  6650 | D:10     | Reached *** piety under Makhleb
  6999 | D:10     | Reached skill level 11 in Fighting
  7732 | D:11     | Killed an unseen horror
  7774 | D:11     | Reached skill level 12 in Fighting
  7900 | D:11     | Noticed an oklob plant
  7902 | D:11     | Noticed an oklob plant
  7903 | D:11     | Found a staircase to the Lair.
  7921 | D:11     | Killed an oklob plant
  8033 | D:11     | Noticed a two-headed ogre
  8041 | D:11     | Killed a two-headed ogre
  8070 | D:11     | Killed an oklob plant
  8432 | D:11     | Found a portal to a secret trove of treasure.
  8562 | Lair:1   | Entered Level 1 of the Lair of Beasts
  8606 | Lair:1   | Reached skill level 13 in Fighting
  9348 | Lair:2   | Noticed a six-headed hydra
  9371 | Lair:2   | Reached **** piety under Makhleb
  9371 | Lair:2   | Reached skill level 5 in Shields
  9395 | Lair:2   | Noticed a seven-headed hydra
  9407 | Lair:2   | Killed a seven-headed hydra
  9536 | Lair:2   | Reached XP level 12. HP: 126/126 MP: 7/7
  9630 | Lair:2   | Killed a seven-headed hydra
  9867 | Lair:2   | Found a deep blue altar of Sif Muna.
 10052 | Lair:3   | Found a staircase to the Shoals.
 10172 | Lair:3   | Noticed an eight-headed hydra
 10180 | Lair:3   | Killed an eight-headed hydra
 10202 | Lair:3   | Noticed a death yak
 10203 | Lair:3   | Noticed a death yak
 10204 | Lair:3   | Noticed a death yak
 10209 | Lair:3   | Killed a death yak
 10216 | Lair:3   | Killed a death yak
 10219 | Lair:3   | Killed a death yak
 10360 | Lair:3   | Found a hole to the Spider Nest.
 10776 | Lair:4   | Reached skill level 10 in Shields
 11118 | Lair:4   | Noticed a catoblepas
 11128 | Lair:4   | Killed a catoblepas
 11196 | Lair:4   | Noticed a four-headed hydra
 11280 | Lair:4   | Killed a five-headed hydra
 11445 | Lair:5   | Reached XP level 13. HP: 133/133 MP: 8/8
 12160 | Lair:6   | Entered Level 6 of the Lair of Beasts
 12187 | Lair:6   | Reached ***** piety under Makhleb
 12208 | Lair:6   | Reached skill level 15 in Shields
 12389 | Lair:6   | Reached skill level 1 in Dodging
 12472 | Lair:6   | Found a staircase to the Slime Pits.
 12472 | Lair:6   | Found a viscous altar of Jiyva.
 12576 | Lair:6   | Reached skill level 5 in Dodging
 12931 | Lair:6   | Gained mutation: You resist negative energy. (rN+) [Deep Dwarf growth]
 12931 | Lair:6   | Reached XP level 14. HP: 141/141 MP: 9/9
 13880 | Lair:2   | Reached skill level 1 in Invocations
 14026 | Spider:1 | Entered Level 1 of the Spider Nest
 14026 | Spider:1 | Noticed Frances
 14051 | Spider:1 | Killed Frances
 14067 | Spider:1 | Found a runed door.
 14166 | Spider:1 | Noticed Agnes
 14203 | Spider:1 | Killed Agnes
 14203 | Spider:1 | Reached skill level 5 in Invocations
 14303 | Spider:1 | Killed a ghost moth
 14503 | Spider:2 | Noticed an entropy weaver
 14517 | Spider:2 | Killed an entropy weaver
 14707 | Spider:2 | Reached skill level 10 in Invocations
 14778 | Spider:2 | Reached ****** piety under Makhleb
 14996 | Spider:3 | Noticed an entropy weaver
 15007 | Spider:3 | Killed an entropy weaver
 15410 | Spider:3 | Reached skill level 5 in Armour
 15508 | Spider:3 | Reached XP level 15. HP: 147/147 MP: 18/18
 15844 | Spider:4 | Entered Level 4 of the Spider Nest
 16234 | Spider:4 | Killed a ghost moth
 16234 | Spider:4 | Reached skill level 15 in Axes
 16343 | Spider:4 | Killed a ghost moth
 16354 | Spider:4 | Got a gossamer rune of Zot
 16464 | Spider:4 | Killed a ghost moth
 16930 | Shoals:1 | Entered Level 1 of the Shoals
 16930 | Shoals:1 | Found Luorar's Antique Weapon Boutique.
 16973 | Shoals:1 | Identified a scroll of acquirement
 16976 | Shoals:1 | Got a pair of brightly glowing boots
 16987 | Shoals:1 | Identified the +0 pair of boots of Lugonu {rC+ MP+9 Dex+4} (You acquired it on level 1 of the Shoals)
 17028 | Shoals:1 | Found Lazxec's Jewellery Shop.
 17127 | Shoals:1 | Reached XP level 16. HP: 114/158 MP: 18/18
 17260 | Shoals:1 | Reached skill level 14 in Fighting
 17374 | Shoals:2 | Noticed Ilsuiw
 17478 | Shoals:2 | Killed Ilsuiw
 17832 | Shoals:4 | Entered Level 4 of the Shoals
 17906 | Shoals:4 | Reached skill level 15 in Fighting
 18307 | Shoals:4 | Got a barnacled rune of Zot
 18750 | D:12     | Found Doess's Antique Armour Boutique.
 18757 | D:12     | Bought a runed plate armour for 910 gold pieces
 18757 | D:12     | Bought a runed cloak for 262 gold pieces
 19050 | D:12     | Reached skill level 16 in Fighting
 19115 | D:12     | Noticed Sonja
 19124 | D:12     | Killed Sonja
 19486 | D:12     | Noticed Fannar
 19503 | D:12     | Killed Fannar
 19576 | D:12     | Found a runed door.
 20195 | D:13     | Found a gate to the Vaults.
 20610 | D:14     | Noticed Azrael
 20631 | D:14     | Killed Azrael
 20666 | D:14     | Found a blossoming altar of Fedhas.
 21020 | D:15     | Entered Level 15 of the Dungeon
 21050 | D:15     | Reached XP level 17. HP: 175/175 MP: 19/19
 21157 | D:15     | Reached skill level 17 in Fighting
 21233 | D:15     | Found a shattered altar of Ashenzari.
 21396 | D:15     | Noticed Roxanne
 21427 | D:15     | Killed Roxanne
 21428 | D:15     | Identified Roxanne's Almanac of Changing (You took it off Roxanne on level 15 of the Dungeon)
 21494 | D:15     | Found a staircase to the Depths.
 21688 | D:15     | Noticed Louise
 21715 | D:15     | Killed Louise
 22140 | Slime:1  | Entered Level 1 of the Pits of Slime
 22173 | Slime:2  | Noticed an acid blob
 22194 | Slime:2  | HP: 8/177 [acid blob (5)]
 22195 | Slime:2  | Annihilated by a very large slime creature

Skill      XL: |  1  2  3  4  5  6  7  8  9 10 11 12 13 14 15 16 17 |
---------------+----------------------------------------------------+-----
Axes           | 3 4 5 7 8 10 12 13 16 | 16.1
Fighting       | 7 10 13 16 17 | 17.6
Shields        | 5 12 15 | 15.6
Dodging        | 6 8 |  8.2
Invocations    | 12 | 12.0
Armour         | 5 8 |  8.1

Action                   |  1- 3 |  4- 6 |  7- 9 | 10-12 | 13-15 | 16-18 || total
-------------------------+-------+-------+-------+-------+-------+-------++-------
Melee: War axe           |   128 |   109 |   384 |   742 |  1376 |  1064 ||  3803
Throw: Javelin           |       |       |       |    14 |    14 |     9 ||    37
Invok: Lesser Servant of |       |       |       |    10 |     6 |     7 ||    23
 Abil: Heal Wounds       |     1 |     1 |    12 |     4 |    11 |       ||    29
Evoke: Wand              |       |       |     4 |    11 |    21 |    13 ||    49
       Box of beasts     |       |       |       |       |     4 |     7 ||    11
  Use: Scroll            |     2 |     7 |    11 |    19 |    13 |     6 ||    58
       Potion            |       |     4 |     5 |       |    12 |     5 ||    26
 Stab: Distracted        |       |       |       |     3 |     3 |       ||     6
       Invisible         |       |       |       |       |     5 |       ||     5
  Eat: Chunk             |       |     3 |     2 |     1 |       |     7 ||    13
       Ration            |       |       |     3 |     6 |     7 |     2 ||    18
Armor: Scale mail        |    65 |    34 |   123 |    16 |       |       ||   238
       Skin              |       |       |    10 |     3 |       |     9 ||    22
       Plate armour      |       |       |       |   484 |  1244 |   564 ||  2292
       Acid dragon scale |       |       |       |       |       |     5 ||     5
Dodge: Dodged            |    34 |    43 |    80 |   109 |   533 |   371 ||  1170
Block: Shield            |    62 |    62 |   182 |   414 |  1422 |   800 ||  2942
